Map: Automaton LE

Players

FightingFrog - Winner!

  • Race: Protoss Protoss
  • League: Master
  • Spawn Location: 9:00

Zero

  • Race: Zerg Zerg
  • League: Master
  • Spawn Location: 3:00

VOD

Have the link to the VOD?

Description

Time

  • Played on: Nov. 22, 2018, 4 p.m.
  • Length: 14:58
Show
View Real Time Build Order
Export as new Build Order

FightingFrog Protoss - Winner!

Build Orders: 1 Gate Expand, Oracle Opening 

Get SALT Encoding   

  12  0:00  Probe  
  13  0:12  Probe  
  14  0:18  Pylon  
  14  0:24  Probe  
  15  0:35  Probe  
  15  0:39  Gateway  
  16  0:44  Probe  
  16  0:46  Assimilator  
  17  0:52  Probe  
  18  1:05  Probe  
  19  1:17  Probe  
  20  1:29  Nexus  
  20  1:37  Cybernetics Core  
  20  1:40  Probe  
  20  1:45  Assimilator  
  21  1:52  Probe  
  22  1:56  Pylon  
  22  2:02  Probe  
  22  2:05  Adept  
  23  2:11  Probe  
  26  2:19  Probe  
  26  2:21  Stargate  
  26  2:28  Warp Gate  
  27  2:30  Probe  
  27  2:34  Adept  
  30  2:37  Probe  
  30  2:42  Probe  
  32  2:45  Probe  
  33  2:53  Gateway  
  33  2:55  Probe  
  34  3:02  Probe  
  34  3:05  Void Ray  
  35  3:07  Probe  
  40  3:15  Probe  
  40  3:19  Probe  
  42  3:27  Probe  
  42  3:28  Assimilator  
  42  3:30  Pylon  
  42  3:31  Probe  
  44  3:40  Probe  
  45  3:43  Probe  
  45  3:45  Oracle  
  51  3:48  Sentry  
  51  3:52  Probe  
  51  3:55  Probe  
  53  4:00  Pylon  
  53  4:04  Probe  
  54  4:13  Nexus  
  54  4:18  Probe x2  
  53  4:29  Pylon  
  53  4:30  Probe x2  
  55  4:34  Pylon  
  55  4:35  Adept  
  60  4:39  Assimilator  
  60  4:42  Probe x2  
  62  4:46  Void Ray  
  62  4:50  Stargate  
  62  4:52  Protoss Air Weapons Level 1, Probe  
  63  4:54  Probe  
  63  4:55  Pylon  
  63  4:56  Sentry  
  63  4:57  Zealot  
  69  5:00  Probe  
  69  5:03  Pylon  
  70  5:10  Probe x2  
  72  5:17  Pylon  
  72  5:22  Probe x2  
  72  5:24  Probe  
  75  5:29  Void Ray  
  75  5:32  Probe  
  75  5:34  Probe x2  
  81  5:41  Void Ray  
  81  5:42  Probe  
  86  5:44  Sentry x2  
  86  5:46  Probe x2  
  86  5:47  Assimilator  
  86  5:48  Assimilator  
  93  5:54  Pylon, Probe  
  94  5:58  Probe x2  
  96  6:06  Probe  
  96  6:07  Fleet Beacon  
  96  6:10  Probe x2  
  99  6:13  Pylon  
  99  6:18  Probe  
  100  6:20  Pylon  
  100  6:22  Probe  
  100  6:23  Probe  
  100  6:24  Forge  
  100  6:25  Twilight Council  
  102  6:30  Probe  
  103  6:35  Probe  
  103  6:37  Void Ray x2  
  111  6:42  Probe  
  112  6:47  Pylon  
  112  6:53  Shield Battery  
  112  6:55  Protoss Ground Weapons Level 1  
  112  6:56  Charge  
  112  6:58  Sentry  
  112  6:59  Sentry  
  116  7:03  Nexus, Probe  
  116  7:07  Pylon, Tempest x2  
  117  7:11  Probe  
  114  7:21  Probe  
  125  7:28  Photon Cannon  
  125  7:29  Photon Cannon  
  125  7:31  Shield Battery  
  125  7:32  Shield Battery  
  125  7:33  Pylon  
  125  7:34  Sentry x2  
  125  7:35  Probe  
  130  7:45  Probe x2  
  130  7:47  Pylon x2, Protoss Air Weapons Level 2  
  130  7:48  Tempest  
  130  7:49  Tempest  
  130  7:50  Pylon  
  142  7:58  Probe x3  
  145  8:10  Nexus  
  145  8:13  Protoss Ground Weapons Level 2  
  145  8:14  Shield Battery  
  145  8:21  Zealot x2  
  145  8:25  Photon Cannon  
  145  8:27  Shield Battery  
  149  8:28  Pylon  
  149  8:29  Probe, Tempest  
  149  8:30  Tempest, Probe  
  161  8:38  Probe  
  162  8:43  Zealot x2  
  166  8:48  Templar Archives  
  166  8:51  Gateway x2  
  166  8:54  Gateway  
  166  8:57  Gateway x2  
  166  9:00  Mothership  
  166  9:11  Zealot x2  
  170  9:17  Gateway  
  170  9:20  Gateway  
  170  9:21  Assimilator  
  170  9:24  Gateway x2  
  170  9:25  Assimilator, Gateway  
  170  9:26  Gateway  
  170  9:27  Gateway  
  170  9:31  Gateway  
  178  9:33  Gateway  
  178  9:34  Gateway, High Templar  
  178  9:35  High Templar  
  182  9:42  Photon Cannon  
  182  9:47  Psionic Storm  
  182  9:54  Zealot x4, High Templar  
  192  10:18  High Templar x4  
  198  10:37  Zealot  
  198  10:38  Protoss Ground Weapons Level 3  
  200  10:47  Photon Cannon  
  180  11:25  Nexus  
  172  11:26  Pylon  
  166  11:36  High Templar x5  
  166  11:37  High Templar x5  
  166  11:39  Zealot x7  
  200  11:40  Protoss Air Weapons Level 3  
  200  11:53  Archon x4  
  194  11:54  Archon  
  184  12:04  Zealot x7  
  188  12:27  High Templar x5  
  188  12:28  High Templar  
  200  12:34  Archon x2  
  200  12:35  Archon  
  191  12:37  Zealot x2  
  191  12:38  Zealot x2  
  199  12:56  Nexus  
  199  12:57  Pylon  
  157  13:28  Tempest  
  157  13:29  Tempest  
  157  13:30  Zealot x5  
  157  13:31  Zealot x12  
  163  13:51  Archon x2  
  163  13:52  Archon  
  147  13:57  Zealot x8  
  147  13:58  Zealot x9  
  181  14:06  Photon Cannon  
  181  14:08  Nexus  
  181  14:09  Nexus, Photon Cannon  
  176  14:18  Zealot x2  
  176  14:19  Zealot x10  
  185  14:40  Zealot x7  
  185  14:44  Robotics Facility  
  199  14:52  Zealot x6  
  195  14:53  Zealot x3  
Show
View Real Time Build Order
Export as new Build Order

Zero Zerg 

Build Orders: Hatch First 

Get SALT Encoding   

  12  0:01  Drone  
  13  0:13  Overlord  
  13  0:18  Drone  
  14  0:32  Drone x2  
  16  0:50  Hatchery  
  16  0:54  Drone  
  16  0:56  Extractor  
  15  0:59  Drone  
  15  1:03  Drone  
  17  1:18  Spawning Pool  
  17  1:21  Drone  
  17  1:26  Drone  
  18  1:33  Drone  
  19  1:46  Overlord  
  19  2:05  Metabolic Boost, Queen, Zergling x4  
  23  2:14  Queen  
  25  2:21  Drone x2  
  28  2:30  Drone x2  
  28  2:31  Drone  
  30  2:46  Hatchery  
  30  2:48  Drone  
  30  2:52  Zergling x2  
  30  2:57  Drone  
  32  2:59  Overlord  
  32  3:04  Queen  
  34  3:08  Drone  
  34  3:10  Drone  
  36  3:14  Overlord  
  36  3:23  Drone x4  
  41  3:27  Zergling x2  
  41  3:31  Drone x3  
  44  3:34  Drone  
  44  3:37  Spore Crawler  
  44  3:40  Spore Crawler  
  43  3:44  Drone  
  44  3:51  Extractor, Queen  
  44  3:55  Overlord  
  45  3:59  Drone x2  
  47  4:03  Queen  
  47  4:07  Drone  
  49  4:18  Drone x4  
  49  4:19  Drone  
  49  4:22  Lair  
  53  4:27  Drone  
  53  4:28  Drone x3  
  57  4:36  Drone x2  
  58  4:39  Pneumatized Carapace  
  58  4:41  Spore Crawler  
  58  4:45  Overlord  
  57  4:46  Overlord  
  57  4:51  Drone, Overlord  
  58  5:00  Roach Warren  
  58  5:01  Drone, Overlord  
  58  5:04  Drone x3  
  58  5:06  Zergling x6  
  64  5:09  Drone x2  
  64  5:11  Drone x2  
  68  5:18  Extractor x2, Drone x4  
  68  5:21  Overseer  
  70  5:23  Drone x2  
  72  5:32  Extractor, Drone  
  72  5:33  Spire, Drone x2  
  73  5:38  Extractor, Drone x3  
  75  5:46  Roach x3  
  75  5:47  Overlord  
  81  5:50  Glial Reconstitution  
  81  5:59  Roach x3  
  81  6:02  Roach  
  81  6:04  Overlord  
  89  6:08  Overlord  
  89  6:10  Drone x3, Queen  
  94  6:16  Drone x3, Evolution Chamber  
  94  6:17  Infestation Pit  
  96  6:26  Drone x2  
  96  6:29  Evolution Chamber  
  97  6:34  Queen x2  
  97  6:37  Roach x3  
  107  6:43  Zerg Missile Weapons Level 1  
  107  6:44  Drone x2  
  109  6:47  Hydralisk Den  
  109  6:51  Hatchery  
  107  7:11  Ravager x3  
  107  7:12  Ravager x2  
  112  7:21  Roach  
  113  7:23  Overlord  
  113  7:24  Overlord x5, Muscular Augments  
  113  7:29  Extractor  
  112  7:31  Hatchery  
  108  7:44  Burrow  
  105  7:49  Drone x3  
  108  7:52  Drone x3  
  111  8:01  Extractor  
  111  8:02  Spire  
  111  8:04  Extractor  
  108  8:05  Hive  
  108  8:17  Drone x4  
  108  8:18  Overlord x4  
  112  8:25  Drone x2  
  112  8:26  Drone  
  115  8:35  Zerg Ground Armor Level 1  
  115  8:39  Drone x3  
  115  8:40  Drone x3, Spore Crawler  
  120  8:41  Hydralisk x3  
  126  8:56  Grooved Spines  
  126  9:15  Corruptor x10  
  126  9:16  Corruptor x5  
  156  9:19  Zerg Flyer Armor Level 1  
  156  9:28  Overseer  
  156  9:31  Viper  
  156  9:32  Viper  
  156  9:37  Drone x3, Spore Crawler  
  156  9:38  Extractor  
  163  9:42  Viper  
  163  9:44  Corruptor  
  168  9:51  Hatchery, Extractor  
  166  9:53  Extractor  
  166  9:54  Drone x3  
  166  9:55  Drone x2  
  166  9:59  Overseer  
  170  10:00  Corruptor x2  
  175  10:07  Extractor  
  175  10:08  Corruptor x2  
  175  10:10  Hatchery  
  175  10:12  Extractor  
  176  10:23  Corruptor x3  
  179  10:31  Drone x5  
  181  10:44  Hydralisk  
  181  10:45  Hydralisk x7  
  180  10:54  Roach x2  
  180  10:55  Roach x4  
  179  11:11  Hydralisk x2  
  179  11:12  Hydralisk x3  
  179  11:17  Unknown x2  
  179  11:18  Viper x2  
  183  11:30  Corruptor x3  
  184  11:41  Drone x4, Spore Crawler  
  184  11:42  Drone  
  188  11:49  Hydralisk x3  
  194  11:56  Hatchery  
  193  12:10  Corruptor x2  
  196  12:22  Hydralisk x4  
  188  12:23  Hydralisk  
  198  12:33  Corruptor x3  
  198  12:37  Zerg Missile Weapons Level 2  
  196  12:45  Overseer  
  196  12:51  Overlord x2  
  194  13:07  Hatchery  
  193  13:20  Unknown  
  193  13:22  Hydralisk  
  193  13:23  Hydralisk x5  
  181  13:37  Hydralisk  
  181  13:38  Hydralisk x9  
  172  13:52  Hydralisk x4  
  172  13:53  Hydralisk  
  172  14:02  Hatchery  
  169  14:08  Drone x2  
  169  14:09  Drone x2  
  173  14:22  Roach x3  
  173  14:23  Roach x2  
  167  14:33  Roach x3  
Tags
 
Add a new tag
Caveats
  • Supply blocks, unpowered buildings, or Contaminate may cause inaccurate times.
  • Supply counts are checked every 10 seconds.